 Dungeon Crawl Stone Soup version 0.28-b1-25-g9875b3fc8c (webtiles) character file.

Game seed: 17882314654024589364

222 dorian the Scratcher (level 5, -3/22 HPs)
             Began as a Felid Transmuter on Feb 4, 2022.
             Slain by a hornet zombie (8 damage)
             ... on level 4 of the Dungeon.
             The game lasted 00:09:14 (4236 turns).

dorian the Scratcher (Felid Transmuter)             Turns: 4236, Time: 00:09:14

Health: -3/22      AC:  2    Str:  6    XL:     5   Next: 66%
Magic:  9/9        EV: 19    Int: 15    God:
Gold:   137        SH:  5    Dex: 18    Spells: 7/8 levels left
                                        Lives:  0   Deaths: 1

rFire   . . .      SeeInvis +     - Unarmed
rCold   . . .      Faith    .   (shield unavailable)
rNeg    . . .      Spirit   .   (armour unavailable)
rPois   +          Reflect  +   (helmet unavailable)
rElec   .          Harm     .   (cloak unavailable)
rCorr   .          Rampage  .   (gloves unavailable)
Will    .....                   (boots unavailable)
Stlth   ++........              f - amulet of reflection
HPRegen 0.07/turn               m - ring of poison resistance
MPRegen 0.11/turn               (no ring)

@: appendages (expiring), quick
A: horns 2, very small, claws 1, fangs 3, see invisible, speed 1, shaggy fur 2,
stealthy paws, no weapons or thrown items, no armour, multi-lived
a: End Transformation


You were on level 4 of the Dungeon.
You had temporarily grown beastly horns.
You visited 1 branch of the dungeon, and saw 4 of its levels.
You also visited: Sewer.

You collected 137 gold pieces.

Inventory:

Jewellery
 f - an amulet of reflection (around neck)
 m - a ring of poison resistance (left paw)
Wands
 e - a wand of iceblast (6)
Scrolls
 c - a scroll of brand weapon {unknown}
 g - 3 scrolls of enchant armour
 h - 2 scrolls of identify
 k - 2 scrolls of blinking
 o - 2 scrolls of summoning
Potions
 a - a potion of mutation {unknown}
 b - a potion of ambrosia {unknown}
 d - a potion of cancellation {unknown}
 i - a potion of haste {unknown}
 j - a potion of might
 l - a potion of berserk rage {unknown}
 n - a potion of curing {unknown}


   Skills:
 + Level 1.8 Fighting
 + Level 4.7 Dodging
 + Level 2.2 Stealth
 + Level 6.3 Unarmed Combat
 - Level 2.0 Spellcasting
 - Level 2.1 Transmutations


You had 7 spell levels left.
You knew the following spells:

 Your Spells              Type           Power      Damage    Failure   Level
a - Beastly Appendage     Tmut           16%        N/A       9%          1

Your spell library contained the following spells:

 Spells                   Type           Power      Damage    Failure   Level
 Wereblood                Tmut           8%         N/A       14%         2
 Corpse Rot               Necr/Air       2%         N/A       32%         2
 Poisonous Vapours        Pois/Air       2%         N/A       32%         2
 Spider Form              Tmut/Pois      4%         N/A       38%         3
 Ice Form                 Ice/Tmut       4%         N/A       80%         4


Dungeon Overview and Level Annotations

Branches:
Dungeon (4/15)              Sewer (visited)
 Temple: D:4-7

Altars:
Okawaru


Innate Abilities, Weirdness & Mutations

You have temporarily grown beastly horns.
You have sharp claws.
You have razor-sharp teeth.
You have supernaturally acute eyesight. (SInv)
You cover ground quickly. (Speed+)
You are covered in thick fur. (AC +2)
Your paws help you pounce on unaware monsters.
You are incapable of wielding weapons or throwing items.
You cannot wear armour.
You gain extra lives every three experience levels.


Message History

You scratch the hornet zombie.
You headbutt the hornet zombie, but do no damage.
The hornet zombie is moderately damaged.
The hornet zombie closely misses you.
You scratch the hornet zombie. You headbutt the hornet zombie.
The hornet zombie is heavily damaged.
The hornet zombie misses you. The hornet zombie hits you.
You closely miss the hornet zombie.
The hornet zombie is heavily damaged.
The hornet zombie barely misses you.
You scratch the hornet zombie. You bite the hornet zombie.
The hornet zombie is severely damaged.
Your transformation is almost over.
The hornet zombie hits you.
You barely miss the hornet zombie. Your headbutt misses the hornet zombie.
The hornet zombie is severely damaged.
The hornet zombie closely misses you.
You scratch the hornet zombie.
You headbutt the hornet zombie, but do no damage.
Your bite misses the hornet zombie.
The hornet zombie is severely damaged.
You block the hornet zombie's attack.
You claw the hornet zombie!
The hornet zombie is almost destroyed.
The hornet zombie misses you.
You scratch the hornet zombie but do no damage.
You headbutt the hornet zombie, but do no damage.
The hornet zombie is almost destroyed.
The hornet zombie barely misses you.
You closely miss the hornet zombie.
You headbutt the hornet zombie, but do no damage.
The hornet zombie is almost destroyed.
The hornet zombie hits you.
* * * LOW HITPOINT WARNING * * *
You block the hornet zombie's attack.
You scratch the hornet zombie.
You bite the hornet zombie, but do no damage.
The hornet zombie is almost destroyed.
The hornet zombie hits you!
You die...

#....#..##
#.....#..###
#o##........
#l###.....g. #.##
#...### # #..# ####
.# ##.# ####.# ##..#
######....# ...##
#####.....@<..#
..#####........Z.#..#
####..............###
##................#
.....l.....$......#
.......†...........#
.......)...........#
....................#
.....................


You could see a hornet zombie.

Vanquished Creatures
  2 bullfrogs (Sewer)
  A centaur zombie (D:3)
  An orc priest (D:3)
  2 iguanas
  7 adders
  3 worms
  3 dart slugs
  An orc (D:4)
  10 endoplasms
  8 giant cockroaches (Sewer)
  2 goblins
  4 hobgoblins
  4 kobolds
  12 quokkas
  10 ball pythons
  5 bats
  7 frilled lizards
  4 rats (D:2)
86 creatures vanquished.

Notes
Turn   | Place    | Note
-------+----------+-------------------------------------------
     0 | D:1      | dorian the Felid Transmuter began the quest for the Orb.
     0 | D:1      | Reached XP level 1. HP: 9/9 MP: 4/4
    94 | D:1      | Found a faded altar of an unknown god.
   375 | D:1      | Reached XP level 2. HP: 12/12 MP: 4/6
  1288 | D:2      | Reached XP level 3. HP: 15/15 MP: 5/7
  1351 | D:1      | Reached skill level 4 in Unarmed Combat
  2076 | D:3      | Reached XP level 4. HP: 19/19 MP: 6/8
  2198 | D:3      | Found a glowing drain.
  2234 | Sewer    | Entered a sewer
  2647 | Sewer    | Reached skill level 1 in Stealth
  2881 | Sewer    | Reached XP level 5. HP: 20/22 MP: 9/9
  2925 | Sewer    | Reached skill level 5 in Unarmed Combat
  2930 | Sewer    | Gained mutation: You are covered in thick fur. (AC +2)
                  | [Felid growth]
  2930 | Sewer    | Reached XP level 6. HP: 22/25 MP: 10/10
  3026 | D:3      | Found an iron altar of Okawaru.
  3103 | D:3      | Reached skill level 6 in Unarmed Combat
  3799 | D:4      | Slain by a hornet zombie
  3800 | D:4      | Reached XP level 5. HP: 0/22 MP: 9/9
  3875 | D:4      | HP: 1/22 [iguana (10)]
  4236 | D:4      | Slain by a hornet zombie

Illustrated notes

Levels and vault maps discovered:
D:1:      psy_arrival_spokes, layout_rooms,
          hellmonk_ecumenical_altar_heavens_door
D:2:      layout_basic
D:3:      layout_basic, kennysheep_okawaru_gauntlet, cheibrodos_sewer_entry_bend
D:4:      layout_layer_cave, kennysheep_nondescript

Skill      XL: |  1  2  3  4  5  6 |
---------------+-------------------+-----
Dodging        | 3 4 |  4.7
Unarmed Combat | 4 5 6 |  6.3
Stealth        | 1 2 |  2.2
Fighting       | |  1.8
Spellcasting   | |  2.0
Transmutations | |  2.1

Action                   |  1- 3 |  4- 6 || total
-------------------------+-------+-------++-------
Melee: Unarmed           |    67 |   177 ||   244
       Headbutt          |    14 |    44 ||    58
       Bite              |     6 |    14 ||    20
       Punch             |     2 |     5 ||     7
 Cast: Beastly Appendage |    20 |    32 ||    52
  Use: Scroll            |       |     6 ||     6
 Stab: Sleeping          |     3 |     1 ||     4
Armor: Skin              |     4 |     8 ||    12
Dodge: Dodged            |    39 |   105 ||   144
Block: Other             |     3 |    27 ||    30
       Reflection        |       |     1 ||     1
